 Dungeon Sprint DCSS version 0.31.0-12-g77e489cdc1 (webtiles) character file.

Game seed: 4433309346855299988

179 Heoruswealwe the Spear-Bearer (level 5, 0/52 HPs)
             Began as a Minotaur Fighter on Mar 4, 2024.
             Was an Initiate of Gozag.
             Slain by a wraith (5 damage)
             ... in the Dungeon (Sprint IX: "|||||||||||||||||||||||||||||").
             The game lasted 00:00:52 (97 turns).

Heoruswealwe the Spear-Bearer (Minotaur Fighter)      Turns: 97, Time: 00:00:53

Health: 0/52       AC:  8    Str: 22    XL:     5   Next: 32%
Magic:  4/4        EV:  9    Int:  5    God:    Gozag
Gold:   0          SH:  4    Dex: 10    Spells: 4/4 levels left

rFire   . . .        a - +0 trident
rCold   . . .        d - +0 buckler
rNeg    . . .        c - +0 scale mail
rPois   .            (helmet restricted)
rElec   .            (no cloak)
rCorr   .            (no gloves)
SInv    .            (no boots)
Will    .....        (no amulet) Stlth
                     (no ring)
HPRegen 0.28/turn    (no ring)
MPRegen 0.09/turn

%: no teleportation
@: gold aura
A: horns 2, retaliatory headbutt
a: Renounce Religion, Potion Petition, Call Merchant, Bribe Branch


You were in the Dungeon.
You worshipped Gozag.
Gozag was noncommittal.
You visited 1 branch

Inventory:

Hand Weapons
 a - a +0 trident (weapon)
Armour
 c - a +0 scale mail (worn)
 d - a +0 buckler (worn)
Jewellery
 k - a +2 ring of protection
 l - a +2 ring of evasion
Wands
 h - a wand of light (10)
Scrolls
 j - 2 scrolls of blinking
Potions
 b - a potion of might
 e - 5 potions of curing
 f - 3 potions of heal wounds
 g - a potion of haste
 i - a potion of berserk rage


   Skills:
 + Level 7.5 Fighting
 * Level 9.6 Polearms
 + Level 7.5 Armour
 - Level 3.6 Shields


You had 4 spell levels left.
You didn't know any spells.
Your spell library was empty.

Dungeon Overview and Level Annotations

Branches:
Dungeon (1/1)

Altars:
Cheibriados
Dithmenos
Elyvilon
Fedhas
Gozag
Hepliaklqana
Kikubaaqudgha
Makhleb
Nemelex Xobeh
Okawaru
Qazlal
Ru
Sif Muna
Trog
Uskayaw
Vehumet
Wu Jian
Xom
Yredelemnul
Zin
The Shining One
Jiyva
Lugonu


Innate Abilities, Weirdness & Mutations

You have a pair of horns on your head.
You reflexively headbutt those who attack you in melee.


Message History

j - 2 scrolls of blinking (gained 1)
You see here 2 scrolls of amnesia.
h - a wand of light (10)
Items here: )))))).
Okay, then.
You see here a +0 barding.
You see here a +0 cloak.
You see here a +1 chain mail.
k - a +2 ring of protection
l - a +2 ring of evasion You open the door.
A killer bee, a wraith, a centaur, 2 yaks and a kobold brigand come into view.
The kobold brigand is wielding a +0 whip and quivering curare-tipped darts.
The killer bee buzzes angrily.
The yak bellows!
The centaur shouts!
The kobold brigand shouts!
You block the killer bee's attack.
You completely miss the killer bee.
The killer bee stings you but does no damage.
The killer bee stings you.
You puncture the killer bee! Your headbutt misses the killer bee.
The killer bee is severely wounded.
The killer bee stings you. The killer bee closely misses you.
You furiously retaliate!
You headbutt the killer bee!
You kill the killer bee!
Your Fighting skill increases to level 7!
Your Polearms skill increases to level 9!
Your Armour skill increases to level 7!
You have reached level 5!
The yak is distracted by your dazzling golden aura.
The wraith hits you!
* * * LOW HITPOINT WARNING * * *
There is an open door to the Dungeon here.
You see here 36 gold pieces.
You closely miss the wraith. The wraith hits you.
* * * LOW HITPOINT WARNING * * *
You hit the wraith. Your headbutt misses the wraith.
The wraith is lightly damaged.
The wraith hits you.
You die...
Your body crumbles into a pile of gold.

▓?▓
▓)▓
▓.▓
▓[▓
▓[▓
▓[▓
▓.▓
▓.▓
▓@▓
▓W▓
▓Y▓
▓c▓
▓Y▓
▓K▓
▓.▓
▓+▓


You could see 2 yaks, a wraith, a kobold brigand and a centaur.

Vanquished Creatures
  A scorpion (D)
  A killer bee (D)
  A jelly (D)
  An iguana (D)
  A shadow imp (D)
  An orc (D)
  A bat (D)
  A quokka (D)
  3 rats (D)
11 creatures vanquished.

Notes
Turn   | Place    | Note
-------+----------+-------------------------------------------
     0 | D        | Heoruswealwe the Minotaur Fighter began the quest for the
                  | Orb.
     0 | D        | Reached XP level 1. HP: 19/19 MP: 0/0
     7 | D        | Reached skill level 3 in Polearms
    20 | D        | Noticed a jelly
    20 | D        | Noticed an iguana
    20 | D        | Noticed a scorpion
    21 | D        | Killed a jelly
    22 | D        | Reached skill level 5 in Fighting
    22 | D        | Reached skill level 5 in Polearms
    22 | D        | Reached skill level 5 in Armour
    22 | D        | Reached XP level 2. HP: 25/29 MP: 1/1
    22 | D        | Reached XP level 3. HP: 31/36 MP: 2/2
    24 | D        | Reached skill level 6 in Polearms
    33 | D        | Reached skill level 7 in Polearms
    33 | D        | Reached XP level 4. HP: 17/44 MP: 3/3
    37 | D        | Killed a scorpion
    38 | D        | Reached skill level 8 in Polearms
    46 | D        | Found a snail-covered altar of Cheibriados.
    46 | D        | Found a shadowy altar of Dithmenos.
    46 | D        | Found a white marble altar of Elyvilon.
    46 | D        | Found a blossoming altar of Fedhas.
    46 | D        | Found an opulent altar of Gozag.
    47 | D        | Found a hazy altar of Hepliaklqana.
    48 | D        | Found a viscous altar of Jiyva.
    49 | D        | Found an ancient bone altar of Kikubaaqudgha.
    50 | D        | Found a corrupted altar of Lugonu.
    51 | D        | Found a burning altar of Makhleb.
    52 | D        | Found a sparkling altar of Nemelex Xobeh.
    53 | D        | Found an iron altar of Okawaru.
    54 | D        | Found a stormy altar of Qazlal.
    56 | D        | Became a worshipper of Gozag Ym Sagoz the Greedy
    58 | D        | Found a sacrificial altar of Ru.
    59 | D        | Found a shimmering blue altar of Sif Muna.
    60 | D        | Found a bloodstained altar of Trog.
    61 | D        | Found a hide-covered altar of Uskayaw.
    62 | D        | Found a radiant altar of Vehumet.
    63 | D        | Found an ornate altar of the Wu Jian Council.
    64 | D        | Found a shimmering altar of Xom.
    65 | D        | Found a basalt altar of Yredelemnul.
    66 | D        | Found a glowing silver altar of Zin.
    67 | D        | Found a glowing golden altar of the Shining One.
    92 | D        | Noticed a wraith
    92 | D        | Noticed a yak
    92 | D        | Noticed a centaur
    92 | D        | Noticed a yak
    92 | D        | Noticed a kobold brigand
    95 | D        | Reached skill level 9 in Polearms
    95 | D        | Reached XP level 5. HP: 17/52 MP: 4/4
    97 | D        | Slain by a wraith

Illustrated notes

Levels and vault maps discovered:
D:        linesprint [early_d, line_temple, items_1, d_10, items_2, lair_1,
          lair_end, items_3, orc_1, orc_end, items_4, d_15, swamp_1, shoals_1,
          snake_1, spider_1, d_20, vaults_1, items_5, swamp_end, shoals_end,
          snake_end, spider_end, vaults_end, d_27, items_6, zot_1, zot_end,
          crypt_end, forest_end, elf_end, slime_end, tomb_end, abyss_end,
          pan_hell_end]

Skill      XL: |  1  2  3  4 |
---------------+-------------+-----
Polearms       | 5 7 9 |  9.6
Fighting       | 5 7 |  7.5
Armour         | 5 7 |  7.5
Shields        | |  3.6

Action                     |  1- 3 |  4- 6 || total
---------------------------+-------+-------++-------
  Melee: Trident           |    22 |    11 ||    33
         Headbutt          |     5 |     3 ||     8
 Armour: Scale mail        |    13 |     9 ||    22
  Dodge: Dodged            |     5 |     3 ||     8
  Block: Buckler           |     5 |     1 ||     6
